Map: Scythe of Amon

Players

Chacal

  • Race: Protoss Protoss
  • Spawn Location: 5:00

Ratl

  • Race: Protoss Protoss
  • League: Silver
  • Spawn Location: 5:00

VOD

Have the link to the VOD?

Description

Time

  • Played on: Jan. 12, 2020, 4:36 p.m.
  • Length: 18:13
Show
View Real Time Build Order
Export as new Build Order

Chacal Protoss 

Build Orders:  

Get SALT Encoding   

  12  0:08  Probe (Chrono Boost)  
  13  0:24  Probe (Chrono Boost)  
  14  0:37  Pylon  
  14  0:51  Assimilator  
  14  1:01  Assimilator  
  14  1:13  Gateway  
  14  1:24  Forge  
  14  1:26  Probe (Chrono Boost)  
  15  1:52  Probe (Chrono Boost)  
  16  2:06  Probe (Chrono Boost)  
  17  2:20  Probe (Chrono Boost)  
  18  2:35  Supplicant x2  
  22  3:14  Pylon  
  22  3:34  Protoss Ground Weapons Level 1, Protoss Air Weapons Level 1  
  22  3:39  Supplicant x2  
  26  3:54  Probe (Chrono Boost)  
  27  4:07  Supplicant x2  
  29  6:14  Protoss Ground Armor Level 1, Protoss Air Armor Level 1  
  29  7:36  Pylon  
  29  7:50  Pylon  
  29  8:00  Pylon  
  29  8:01  Probe (Chrono Boost)  
  30  8:15  Probe (Chrono Boost), Supplicant x2  
  35  8:29  Probe (Chrono Boost)  
  34  8:42  Probe (Chrono Boost)  
  34  8:43  Supplicant x2  
  39  8:54  Protoss Shields Level 1  
  39  8:56  Probe (Chrono Boost)  
  40  9:11  Supplicant x2  
  44  9:50  Gateway  
  44  10:18  Gateway  
  44  10:23  Probe (Chrono Boost)  
  45  10:37  Probe (Chrono Boost)  
  46  10:47  Photon Cannon  
  46  10:51  Probe (Chrono Boost)  
  47  11:51  Probe (Chrono Boost)  
  44  12:00  Pylon  
  44  12:07  Pylon  
  44  12:14  Pylon, Supplicant x2  
  46  12:25  Pylon  
  44  12:42  Supplicant x2  
  48  13:10  Supplicant x2  
  52  13:38  Supplicant x2  
  56  14:06  Supplicant x2  
  57  14:18  Photon Cannon  
  53  14:34  Supplicant x2  
  54  15:02  Supplicant x2  
  50  15:30  Supplicant x2  
  50  15:33  Probe (Chrono Boost)  
  51  15:47  Probe (Chrono Boost)  
  46  16:01  Probe (Chrono Boost)  
  46  16:07  Photon Cannon  
  47  16:13  Photon Cannon  
  47  16:15  Probe (Chrono Boost)  
  48  16:29  Probe (Chrono Boost)  
  47  16:43  Probe (Chrono Boost)  
  48  16:57  Probe (Chrono Boost)  
  47  17:11  Probe (Chrono Boost)  
  47  17:13  Pylon  
  48  17:24  Probe (Chrono Boost)  
  49  17:38  Probe (Chrono Boost)  
Show
View Real Time Build Order
Export as new Build Order

Ratl Protoss 

Build Orders:  

Get SALT Encoding   

  12  0:03  Probe (Chrono Boost)  
  13  0:17  Probe (Chrono Boost)  
  14  0:28  Pylon  
  14  0:31  Probe (Chrono Boost)  
  15  0:49  Assimilator  
  15  0:52  Probe (Chrono Boost)  
  16  1:06  Probe (Chrono Boost)  
  16  1:08  Gateway  
  17  1:20  Probe (Chrono Boost)  
  17  1:26  Assimilator  
  18  1:34  Probe (Chrono Boost)  
  19  1:48  Probe (Chrono Boost)  
  20  1:53  Gateway  
  20  2:02  Probe (Chrono Boost)  
  21  2:23  Zealot  
  21  2:28  Pylon  
  23  2:34  Pylon  
  23  2:45  Cybernetics Core  
  23  2:52  Probe (Chrono Boost)  
  24  3:06  Probe (Chrono Boost), Zealot  
  27  3:20  Probe (Chrono Boost)  
  27  3:29  Zealot  
  30  3:34  Probe (Chrono Boost)  
  31  3:48  Probe (Chrono Boost)  
  32  3:56  Twilight Council  
  32  4:00  Stargate  
  32  4:02  Probe (Chrono Boost)  
  32  4:08  Stargate  
  33  4:48  Robotics Facility x2  
  33  5:01  Zealot  
  33  5:02  Zealot  
  37  5:15  Phoenix  
  39  5:37  Charge  
  37  6:23  Pylon, Dragoon  
  37  6:24  Pylon  
  39  6:33  Pylon x2  
  39  6:48  Immortal  
  43  6:50  Zealot  
  45  7:22  Dragoon x2  
  49  7:45  Phoenix x2  
  41  8:28  Dragoon x2  
  43  9:06  Gateway  
  43  9:09  Dragoon x2  
  47  9:10  Gateway  
  47  9:15  Gateway  
  47  9:19  Gateway  
  47  9:53  Singularity Charge  
  47  9:55  Phoenix x2  
  51  10:22  Zealot x4  
  59  10:31  Phoenix  
  45  11:39  Dragoon x4  
  49  11:41  Zealot x2  
  53  11:52  Phoenix  
  49  12:17  Dragoon x3  
  49  12:19  Zealot x2  
  59  12:27  Probe (Chrono Boost)  
  60  12:40  Probe (Chrono Boost)  
  59  12:54  Probe (Chrono Boost)  
  56  13:23  Nexus  
  56  13:26  Assimilator  
  56  13:28  Probe (Chrono Boost)  
  57  13:33  Assimilator  
  57  13:36  Pylon  
  57  13:46  Dragoon  
  57  13:49  Dragoon  
  51  14:38  Dragoon  
  51  14:39  Dragoon x4  
  55  15:26  Dragoon x2  
  55  15:27  Zealot x2  
  55  15:28  Zealot  
  65  15:37  Dragoon  
  47  16:14  Dragoon x3  
  47  16:15  Dragoon, Zealot  
  53  16:27  Probe (Chrono Boost)  
  53  16:28  Probe (Chrono Boost)  
  55  16:37  Dragoon  
  45  16:41  Probe x2 (Chrono Boost)  
  45  16:45  Dragoon  
  39  16:55  Probe x2 (Chrono Boost)  
  41  17:04  Dragoon  
  41  17:08  Probe (Chrono Boost)  
  41  17:09  Probe (Chrono Boost)  
  45  17:21  Dragoon x2  
  45  17:23  Zealot  
  51  17:36  Dragoon x2  
  55  17:45  Dragoon  
Tags
 
Add a new tag
Caveats
  • Supply blocks, unpowered buildings, or Contaminate may cause inaccurate times.
  • Supply counts are checked every 10 seconds.